 Dungeon Crawl Stone Soup version 0.31-a0-187-gba352fbbf7 (webtiles) character file.

Game seed: 6689568753130171611

73 qw the Shooter (level 4, -1/25 HPs)
             Began as a Deep Elf Hunter on June 22, 2023.
             Killed from afar by Sigmund (11 damage)
             ... with a puff of flame
             ... on level 3 of the Dungeon.
             The game lasted 00:00:37 (1457 turns).

qw the Shooter (Deep Elf Hunter)                    Turns: 1457, Time: 00:00:37

Health: -1/25      AC:  6    Str: 10    XL:     4   Next: 8%
Magic:  6/6        EV:  9    Int: 14    God:
Gold:   122        SH:  0    Dex: 18    Spells: 3/3 levels left

rFire   . . .        Y - +0 shortbow
rCold   . . .        (shield currently unavailable)
rNeg    . . .        g - +0 scale mail
rPois   .            (no helmet)
rElec   .            (no cloak)
rCorr   .            (no gloves)
SInv    .            (no boots)
Will    .....        (no amulet)
Stlth   +            (no ring)
HPRegen 0.24/turn    (no ring)
MPRegen 0.10/turn

%: no passive effects
@: no status effects
A: no striking features
a: no special abilities


You were on level 3 of the Dungeon.
You visited 1 branch of the dungeon, and saw 3 of its levels.

You collected 122 gold pieces.


   Skills:
 - Level 1.5 Fighting
 + Level 7.5 Ranged Weapons
 - Level 2.4 Dodging
 - Level 1.2 Stealth


You had 3 spell levels left.
You didn't know any spells.
Your spell library was empty.

Inventory:

Hand Weapons
 Y - a +0 shortbow (weapon)
Armour
 g - a +0 scale mail (worn)
Scrolls
 a - a scroll of blinking {unknown}
Potions
 c - a potion of brilliance {unknown}
 e - 2 potions of cancellation
 h - a potion of berserk rage {unknown}
 j - a potion of might {unknown}
 k - a potion of magic {unknown}

Dungeon Overview and Level Annotations

Branches:
Dungeon (3/15)

Altars:

Annotations:
D:3 Sigmund


Message History

You shoot an arrow. The arrow hits the ball python.
The ball python is heavily wounded.
The ball python bites you. The ball python barely misses you.
The ball python bites you. The ball python grabs you.
The ball python constricts you.
You shoot an arrow. The arrow hits the ball python!
You kill the ball python!
Sigmund closely misses you.
You shoot an arrow. The arrow hits Sigmund.
Sigmund is lightly wounded.
Sigmund hits you but does no damage.
You shoot an arrow. The arrow closely misses Sigmund.
Sigmund hits you from afar with a +0 scythe.
You shoot an arrow. The arrow hits Sigmund.
Sigmund is moderately wounded.
Sigmund points at you and mumbles some strange words.
You resist with some effort.
You shoot an arrow. The arrow barely misses Sigmund.
Sigmund hits you from afar with a +0 scythe.
You shoot an arrow. The arrow barely misses Sigmund.
Sigmund hits you from afar with a +0 scythe!
You shoot an arrow. The arrow hits Sigmund!
Sigmund is severely wounded.
Sigmund barely misses you.
You shoot an arrow.
The arrow hits Sigmund but does no damage.
Sigmund is severely wounded.
Sigmund hits you but does no damage.
You shoot an arrow. The arrow closely misses Sigmund.
Sigmund barely misses you.
You shoot an arrow. The arrow hits Sigmund.
Sigmund is almost dead.
Sigmund casts a spell.
Sigmund flickers and vanishes!
Deactivating autopickup; reactivate with Ctrl-A.
You shoot an arrow.
You hear some strange, mumbled words.
A puff of flame appears from out of thin air!
The puff of flame hits you!
You die...

#.######......#
#......%......#
########......#
#...#.####
#######.#.#.#
#.......#.#.#
##.######.# .
#......#.# .
######@#.#
#.......%.#
##.####..{#
..[... ###.##.
.. .. .## . .#


There were no monsters in sight!

Vanquished Creatures
  2 adders
  2 dart slugs
  7 bats
  5 endoplasms
  A giant cockroach (D:1)
  4 goblins
  5 hobgoblins
  2 jackals (D:2)
  2 quokkas
  6 ball pythons
  2 frilled lizards (D:1)
  3 kobolds (D:1)
  5 rats
46 creatures vanquished.

Notes
Turn   | Place    | Note
-------+----------+-------------------------------------------
     0 | D:1      | qw the Deep Elf Hunter began the quest for the Orb.
     0 | D:1      | Reached XP level 1. HP: 12/12 MP: 3/3
     0 | D:1      | 0 ||| qw: Version: 0.3-a-9-g12657ce
     0 | D:1      | 0 ||| qw: Game counter: 2449
     0 | D:1      | 0 ||| qw: Always use a shield: true
     0 | D:1      | 0 ||| qw: God list: Okawaru
     0 | D:1      | 0 ||| qw: Allow faded altars: false
     0 | D:1      | 0 ||| qw: Do Orc after D:15 true
     0 | D:1      | 0 ||| qw: Do second Lair branch before Depths: true
     0 | D:1      | 0 ||| qw: Lair rune preference: random
     0 | D:1      | 0 ||| qw: Plans: Normal
     0 | D:1      | 0 ||| PLANNING D:1-11
   185 | D:1      | Reached XP level 2. HP: 16/16 MP: 4/4
   223 | D:1      | Reached skill level 6 in Ranged Weapons
   700 | D:1      | Reached XP level 3. HP: 20/20 MP: 5/5
   805 | D:1      | 805 ||| DROPPING scarf of shadows.
   806 | D:1      | 806 ||| UPGRADING to +0 scale mail.
   816 | D:1      | 816 ||| DROPPING +0 leather armour.
   817 | D:1      | 817 ||| READING scroll labelled OGAS ZAOCEARU.
   820 | D:1      | 820 ||| READING scroll labelled COSOINEPEI.
   821 | D:1      | 821 ||| DROPPING scroll of butterflies.
   982 | D:2      | Reached skill level 7 in Ranged Weapons
  1104 | D:2      | 1104 ||| FLEEEEING.
  1278 | D:2      | 1278 ||| READING scroll labelled VAPPUGORERE.
  1279 | D:2      | 1279 ||| READING scroll labelled GIHUWEA TAXTYCIC.
  1280 | D:2      | 1280 ||| DRINKING 3 murky dark potions.
  1284 | D:3      | 1284 ||| PLANNING SEWER
  1350 | D:3      | Reached XP level 4. HP: 9/25 MP: 6/6
  1443 | D:3      | Noticed Sigmund
  1457 | D:3      | Killed from afar by Sigmund

Levels and vault maps discovered:
D:1:      sevenhm_arrival_forest_fort_large_3, layout_loops_corners,
          hangedman_decor_points, st_stairs_13, minmay_split_cup_small
D:2:      layout_rooms, chequers_jeans
D:3:      layout_basic, cheibrodos_sewer_entry_sluice, uniq_sigmund

Skill      XL: |  1  2  3 |
---------------+----------+-----
Ranged Weapons | 6 7 |  7.5
Fighting       | |  1.5
Dodging        | |  2.4
Stealth        | |  1.2

Action                     |  1- 3 |  4- 6 || total
---------------------------+-------+-------++-------
   Fire: Shortbow          |   121 |    20 ||   141
    Use: Scroll            |     4 |       ||     4
         Potion            |     1 |       ||     1
 Armour: Leather armour    |     6 |       ||     6
         Scale mail        |    23 |     7 ||    30
  Dodge: Dodged            |    21 |     6 ||    27

Table legend:
 A = Non-vault XP
 B = Vault XP
 C = Vault XP percentage of total XP
 D = Non-vault monster count
 E = Vault monster count
 F = Vault count percentage of total count
                 A         B        C        D         E       F
            +---------+---------+-------+---------+---------+-------
      Total |     100 |       5 |   4.8 |      43 |       3 |   6.5
            +---------+---------+-------+---------+---------+-------
        D:1 |      40 |       5 |  11.1 |      23 |       3 |  11.5
        D:2 |      42 |       0 |   0.0 |      16 |       0 |   0.0
        D:3 |      18 |       0 |   0.0 |       4 |       0 |   0.0
            +---------+---------+-------+---------+---------+-------
